 Dungeon Crawl Stone Soup version 0.29.1-4-g47bece8355 (webtiles) character file.

Game seed: 7475479319890130964

102 mester the Caller (level 4, -2/31 HPs)
             Began as a Barachi Summoner on Dec 1, 2022.
             Slain by THTSBRD's ghost (7 damage)
             ... on level 3 of the Dungeon.
             The game lasted 00:18:04 (4016 turns).

mester the Caller (Barachi Summoner)                Turns: 4016, Time: 00:18:05

Health: -2/31      AC:  6    Str:  9    XL:     4   Next: 77%
Magic:  9/9        EV: 12    Int: 17    God:
Gold:   97         SH:  0    Dex: 13    Spells: 4/10 levels left

rFire   . . .      SeeInvis .   e - +2 dagger (flame)
rCold   . . .      Faith    .   (no shield)
rNeg    . . .      Spirit   .   a - +0 robe
rPois   .          Reflect  .   (no helmet)
rElec   .          Harm     .   (no cloak)
rCorr   .          Rampage  .   (no gloves)
Will    .....                   (no boots)
Stlth   ++........              (no amulet)
HPRegen 0.10/turn               h - +4 ring of protection
MPRegen 0.11/turn               (no ring)

@: slow
A: amphibious, slowness 1, strong legs 1, +LOS
a: Hop


You were on level 3 of the Dungeon.
You visited 1 branch of the dungeon, and saw 3 of its levels.

You collected 97 gold pieces.

Inventory:

Hand Weapons
 d - a +0 dagger
 e - a +2 dagger of flaming (weapon)
Armour
 a - a +0 robe (worn)
Jewellery
 h - a +4 ring of protection (left hand)
 m - an amulet of faith
Scrolls
 c - 2 scrolls of vulnerability {unknown}
 f - a scroll of blinking {unknown}
 g - a scroll of identify {unknown}
 j - 3 scrolls of immolation {unknown}
Potions
 b - 2 potions of magic
 i - a potion of resistance {unknown}
 k - 2 potions of flight {unknown}
 l - a potion of curing {unknown}
 n - a potion of attraction {unknown}


   Skills:
 + Level 0.3 Fighting
 + Level 0.4 Short Blades
 + Level 2.3 Dodging
 + Level 2.0 Stealth
 + Level 3.6 Spellcasting
 + Level 5.9 Summonings


You had 4 spell levels left.
You knew the following spells:

 Your Spells              Type           Power      Damage    Failure   Level
a - Summon Small Mammal   Summ           92%        N/A       1%          1
b - Call Imp              Summ           23%        N/A       2%          2
c - Summon Guardian Gole  Hex/Summ       13%        N/A       14%         3

Your spell library contained the following spells:

 Spells                   Type           Power      Damage    Failure   Level
 Call Canine Familiar     Summ           23%        N/A       4%          3
 Ensorcelled Hibernation  Hex/Ice        6%         N/A       24%         2
 Passwall                 Tmut/Erth      2%         N/A       26%         2
 Summon Lightning Spire   Summ/Air       13%        N/A       43%         4
 Swiftness                Air            3%         N/A       45%         3


Dungeon Overview and Level Annotations

Branches:
Dungeon (3/15)

Altars:
Gozag

Annotations:
D:3 THTSBRD's ghost, weakling GnWn


Innate Abilities, Weirdness & Mutations

You are amphibious.
You cover ground slowly.
You can hop short distances.
You have an extended range of vision and can be seen from far away.


Message History

Confirm with . or Enter, or press ? or * to list all spells.
The kobold hits you with a +0 whip.
Your rat bites the kobold.
Your rat bites the kobold.
The kobold dies!
You open the gate.
The ball python hisses angrily.
The sky beast flickers out of sight!
Deactivating autopickup; reactivate with Ctrl-A.
THTSBRD's ghost hits your quokka. Something barely misses you.
Your quokka bites THTSBRD's ghost.
THTSBRD's ghost completely misses your quokka.
Your quokka closely misses THTSBRD's ghost.
THTSBRD's ghost hits your rat.
Your rat dies!
Your rat's corpse disappears in a puff of smoke!
The ball python closely misses your quokka.
The ball python barely misses your quokka.
Your quokka bites THTSBRD's ghost.
Casting: Summon Small Mammal (safe; 1% risk of failure)
Confirm with . or Enter, or press ? or * to list all spells.
A beastly little devil appears in a puff of flame.
The ball python bites your quokka. The ball python grabs your quokka.
The ball python constricts your quokka.
Your quokka dies!
Your quokka's corpse disappears in a puff of smoke!
Something hits you. Something shocks you. Something barely misses you.
Your crimson imp hits THTSBRD's ghost.
THTSBRD's ghost hits your crimson imp but does no damage.
Something hits you. Something shocks you.
Your crimson imp closely misses THTSBRD's ghost.
THTSBRD's ghost hits your crimson imp. Something hits you but does no damage.
Something hits you. Something shocks you.
* * * LOW HITPOINT WARNING * * *
Your crimson imp blinks!
The ball python misses you. The ball python completely misses you.
You hit the ball python. You burn the ball python.
You kill the ball python!
Something hits you but does no damage. Magic courses through your body.
THTSBRD's ghost hits you!
You die...

#...# .########## #...#
....#.....## ##...#
...........## #8...8
............# #...####
###...@...#
##...##8###8#...†W..####
.................5.....#
...8..............)....#
................##'''##....#
##...##8###8#..##..!$.##....
##...#### ###..#$.$_.$∩# ...
#8.).8# ...##8$.8$.8# ..
##...## ###..#..$....# .


You could see THTSBRD's ghost (ally target) and a friendly crimson imp
(summoned).

Vanquished Creatures
  A gnoll (D:2)
  An adder (D:2)
  2 ball pythons
  An endoplasm (D:1)
  A giant cockroach (D:1)
  A goblin (D:1)
  A kobold (D:3)
  A quokka (D:2)
  A bat (D:3)
  A frilled lizard (D:1)
  A rat (D:2)
12 creatures vanquished.

Vanquished Creatures (collateral kills)
  An adder (D:2)
  3 gnolls (D:2)
  A dart slug (D:1)
  2 endoplasms
  A giant cockroach (D:1)
  2 goblins
  5 hobgoblins
  A quokka (D:1)
  5 ball pythons
  3 bats
  4 frilled lizards
  5 kobolds
  A rat (D:2)
34 creatures vanquished.

Vanquished Creatures (others)
  A fungus (D:1)
  2 plants (D:1)
3 creatures vanquished.

Grand Total: 49 creatures vanquished

Notes
Turn   | Place    | Note
-------+----------+-------------------------------------------
     0 | D:1      | mester the Barachi Summoner began the quest for the Orb.
     0 | D:1      | Reached XP level 1. HP: 13/13 MP: 3/3
   229 | D:1      | Reached skill level 5 in Summonings
   351 | D:1      | Reached XP level 2. HP: 3/19 MP: 3/5
  1103 | D:1      | Learned a level 2 spell: Call Imp
  1890 | D:1      | Found a faded altar of an unknown god.
  2423 | D:1      | Reached XP level 3. HP: 24/24 MP: 4/7
  2841 | D:2      | Reached XP level 4. HP: 20/30 MP: 2/9
  3191 | D:2      | Learned a level 3 spell: Summon Guardian Golem
  3995 | D:3      | Found a runed translucent gate.
  3996 | D:3      | Found a runed translucent gate.
  3997 | D:3      | Found a runed translucent gate.
  3999 | D:3      | Found an opulent altar of Gozag.
  4000 | D:3      | Noticed a sky beast
  4001 | D:3      | Noticed THTSBRD's ghost (weakling GnWn)
  4016 | D:3      | Slain by THTSBRD's ghost

Illustrated notes

Levels and vault maps discovered:
D:1:      dpeg_arrival_round_b, layout_loops_corners,
          shapermc_ecumenical_altar_mp_urbaneastern, dk_noncrumbling_4,
          minmay_distorted
D:2:      layout_rooms, kennysheep_small_spiral
D:3:      layout_rooms, ebering_ghost_gozag, corexii_hall_statues_x,
          minmay_misc_feat_rugged, kennysheep_doodads, uniq_natasha

Skill      XL: |  1  2  3 |
---------------+----------+-----
Summonings     | 5 |  5.9
Spellcasting   | 3 |  3.6
Stealth        | 2 |  2.0
Fighting       | |  0.3
Short Blades   | |  0.4
Dodging        | |  2.3

Action                   |  1- 3 |  4- 6 || total
-------------------------+-------+-------++-------
Melee: Unarmed           |    14 |       ||    14
       Dagger            |    26 |    17 ||    43
 Cast: Summon Small Mamm |    49 |     4 ||    53
       Call Imp          |    13 |     3 ||    16
       Summon Guardian G |       |     2 ||     2
  Use: Potion            |     1 |     1 ||     2
Armor: Robe              |    21 |    18 ||    39
Dodge: Dodged            |    47 |    25 ||    72
